 Dungeon Crawl Stone Soup version 0.19.5 (console) character file.

124 hawthornbunny the Insei (level 5, -5/29 HPs)
             Began as a Tengu Transmuter on May 20, 2017.
             Killed by divine providence
             ... invoked by an orc priest
              (11 damage)
             ... on level 3 of the Dungeon.
             The game lasted 00:10:16 (2147 turns).

hawthornbunny the Insei (Tengu Transmuter)          Turns: 2147, Time: 00:10:16

Health: -5/29      AC:  2    Str: 16    XL:     5   Next: 8%
Magic:  5/9        EV: 20    Int: 18    God:
Gold:   59         SH:  0    Dex: 19    Spells: 3 memorised, 3 levels left

rFire  . . .     SeeInvis .       - Unarmed
rCold  . . .     Gourm    .     (armour currently unavailable)
rNeg   . . .     Faith    .     (shield currently unavailable)
rPois  x         Spirit   .     (helmet currently unavailable)
rElec  .         Reflect  .     (cloak currently unavailable)
rCorr  .         Harm     .     (gloves currently unavailable)
MR     .....                    (boots unavailable)
Stlth  ++........               (no amulet)
                                r - +3 ring of intelligence
                                j - +6 ring of strength

@: spider-form (expiring)
A: (beak), (talons 0), able to fly 1
a: Fly, End Transformation


You were on level 3 of the Dungeon.
You were hungry.
You were a venomous arachnid creature.
You visited 1 branch of the dungeon, and saw 3 of its levels.

You collected 59 gold pieces.

Inventory:

Hand Weapons
 l - a +1 dagger of electrocution
Missiles
 a - 60 arrows
 g - 33 stones (quivered)
 m - 8 curare-tipped needles
 q - 22 sling bullets
 y - 2 tomahawks of returning
Armour
 b - a +0 robe
 f - a +2 pair of gloves
 o - a cursed +0 pair of gloves (melded)
 p - a +0 robe of fire resistance (melded)
Jewellery
 j - a +6 ring of strength (left front leg)
 r - a +3 ring of intelligence (right front leg)
 u - a +3 ring of strength
Wands
 v - a wand of acid (10/15)
Scrolls
 e - 3 scrolls of identify
 h - a scroll of amnesia
 k - a scroll of fear
 w - a scroll of recharging
 x - a scroll of blinking
Potions
 i - a potion of flight {unknown}
Books
 c - a book of Changes

   Spells                             Type                      Level
   a - Beastly Appendage              Transmutation                1
   b - Sticks to Snakes               Transmutation                2
   c - Spider Form                    Transmutation/Poison         3
   d - Ice Form                       Ice/Transmutation            4
   e - Blade Hands                    Transmutation                5
Comestibles
 d - 5 bread rations
 s - 5 chunks of flesh
 t - 4 fruits


   Skills:
 + Level 1.1 Fighting
 * Level 0.2 Throwing
 + Level 2.5 Dodging
 + Level 1.0 Stealth
 + Level 4.8 Unarmed Combat
 + Level 2.6 Spellcasting
 * Level 2.2 Transmutations


You had 3 spell levels left.
You knew the following spells:

 Your Spells              Type           Power        Failure   Level  Hunger
a - Beastly Appendage     Tmut           ##....       24%         1    #......
b - Sticks to Snakes      Tmut           ##......     28%         2    ##.....
c - Spider Form           Tmut/Pois      #.........   56%         3    ###....


Dungeon Overview and Level Annotations

Branches:
Dungeon (3/15)

Altars:


Innate Abilities, Weirdness & Mutations

((You have a beak for a mouth.))
((You have claws for feet.))
You can fly.


Message History

The orc priest is moderately wounded.
The orc priest calls down the wrath of Beogh upon you.
Pain shoots through your body!
* * * LOW HITPOINT WARNING * * *
You are feeling hungry.
You hit the orc priest but do no damage.
The orc priest is moderately wounded.
The orc priest completely misses you.
You feel better. The orc priest barely misses you.
You barely miss the orc priest.
The orc priest is moderately wounded.
Your transformation is almost over.
The orc priest hits you with a club.
* * * LOW HITPOINT WARNING * * *
You hit the orc priest but do no damage.
The orc priest is poisoned.
The orc priest is moderately wounded.
The orc priest calls down the wrath of Beogh upon you.
Beogh smites you!
You die...

### ##.# #.#.
###############...
#...).[...........
##
##.####)#####.#....
#...#...###)#
#.#....
#....os).$..#
#.#....
#...#(..###.#
#...#.# .....(..##
#[# #.###.# .
#.##### #.. ...#
#.# # ###...... ..#
.... ... .. ####
#..


You could see an orc priest.

Vanquished Creatures
  An orc priest (D:3)
  Jessica (D:2)
  2 oozes (D:1)
  2 worms (D:3)
  A dart slug (D:3)
  6 orcs (D:3)
  A ball python (D:3)
  A giant cockroach (D:2)
  A goblin (D:1)
  5 hobgoblins
  4 jackals
  A quokka (D:2)
  5 bats
  4 frilled lizards
  2 kobolds
  8 rats
  4 plants (D:1)
49 creatures vanquished.

Vanquished Creatures (collateral kills)
  A goblin (D:1)
  2 hobgoblins (D:1)
  A kobold (D:1)
  A bat (D:1)
  A frilled lizard (D:1)
6 creatures vanquished.

Vanquished Creatures (others)
  A fungus (D:3)
1 creature vanquished.

Grand Total: 56 creatures vanquished

Notes
Turn   | Place    | Note
-------+----------+-------------------------------------------
     0 | D:1      | hawthornbunny the Tengu Transmuter began the quest for the Orb.
     0 | D:1      | Reached XP level 1. HP: 12/12 MP: 4/4
    53 | D:1      | Reached XP level 2. HP: 4/16 MP: 6/6
    57 | D:1      | Learned a level 2 spell: Sticks to Snakes
   501 | D:1      | Reached skill level 4 in Unarmed Combat
   583 | D:1      | Reached XP level 3. HP: 18/20 MP: 5/7
   943 | D:1      | Learned a level 3 spell: Spider Form
  1350 | D:2      | Noticed Jessica
  1352 | D:2      | Found a faded altar of an unknown god.
  1357 | D:2      | Killed Jessica
  1357 | D:2      | Reached XP level 4. HP: 19/25 MP: 4/8
  2111 | D:3      | Gained mutation: You can fly. [Tengu growth]
  2111 | D:3      | Reached XP level 5. HP: 23/29 MP: 5/9
  2115 | D:3      | Reached skill level 1 in Stealth
  2143 | D:3      | HP: 1/29 [orc priest/nerve-wracking pain (8)]
  2147 | D:3      | Killed from afar by an orc priest

Skill      XL: |  1  2  3  4  5 |
---------------+----------------+-----
Unarmed Combat | 4 |  4.8
Transmutations | 2 |  2.2
Stealth        | 1 |  1.0
Fighting       | |  1.1
Throwing       | |  0.2
Dodging        | |  2.5
Spellcasting   | |  2.6

Action                   |  1- 3 |  4- 6 || total
-------------------------+-------+-------++-------
Melee: Unarmed           |   326 |    70 ||   396
       Kick              |   134 |    23 ||   157
       Peck              |    87 |     9 ||    96
       Headbutt          |     7 |     6 ||    13
       Punch             |     4 |     2 ||     6
Throw: Stone             |     2 |     4 ||     6
 Cast: Beastly Appendage |     9 |     9 ||    18
       Sticks to Snakes  |     4 |     1 ||     5
       Spider Form       |       |     2 ||     2
  Use: Scroll            |     2 |     4 ||     6
       Potion            |     1 |     2 ||     3
 Stab: Sleeping          |     1 |     1 ||     2
  Eat: Chunk             |     2 |     3 ||     5
Armor: Robe              |    11 |     7 ||    18
       Skin              |       |     1 ||     1
Dodge: Dodged            |    64 |    40 ||   104
